 Dungeon Crawl Stone Soup version 0.29-a0-559-g359e09b9d1 (webtiles) character file.

Game seed: 16554583463623614609

1734 spiderkeys the Ducker (level 8, -1/48 HPs)
             Began as a Deep Elf Abyssal Knight on June 10, 2022.
             Was an Elder of Lugonu.
             Slain by an orc wizard
             ... wielding a +4 dagger
              (3 damage)
             ... on level 6 of the Dungeon on June 11, 2022.
             The game lasted 00:13:32 (8991 turns).

spiderkeys the Ducker (Deep Elf Abyssal Knight)     Turns: 8991, Time: 00:13:33

Health: -1/48      AC: 12    Str: 10    XL:     8   Next: 76%
Magic:  14/19      EV: 15    Int: 18    God:    Lugonu [****..]
Gold:   315        SH:  0    Dex: 21    Spells: 14/19 levels left

rFire   . . .      SeeInvis .   a - +1 short sword
rCold   . . .      Faith    +   (no shield)
rNeg    . . .      Spirit   .   C - +3 leather armour
rPois   .          Reflect  .   f - +1 helmet
rElec   .          Harm     .   W - +0 cloak
rCorr   .          Rampage  .   y - +2 pair of gloves
Will    .....                   (no boots)
Stlth   ++........              T - amulet of faith {!P}
HPRegen 0.16/turn               Z - ring of wizardry
MPRegen 0.16/turn               D - +6 ring of dexterity

@: no status effects
A: no striking features
a: Renounce Religion, Depart the Abyss, Bend Space, Banish, Corrupt


You were on level 6 of the Dungeon.
You worshipped Lugonu.
Lugonu was greatly pleased with you.
You visited 1 branch of the dungeon, and saw 7 of its levels.
You visited the Abyss 1 time.

You collected 337 gold pieces.
You spent 22 gold pieces at shops.


   Skills:
 + Level 4.7 Fighting
 - Level 3.0 Short Blades
 - Level 0.7 Armour
 + Level 6.2 Dodging
 + Level 6.0 Spellcasting
 + Level 2.4 Air Magic
 + Level 4.5 Poison Magic
 + Level 5.6 Invocations


You had 14 spell levels left.
You knew the following spells:

 Your Spells              Type           Power      Damage    Failure   Level
m - Mephitic Cloud        Conj/Pois/Air  13%        N/A       8%          3
p - Poisonous Vapours     Pois/Air       36%        N/A       2%          2

Your spell library contained the following spells:

 Spells                   Type           Power      Damage    Failure   Level
 Magic Dart               Conj           20%        1d4       6%          1
 Call Imp                 Summ           5%         N/A       10%         2
 Gell's Gravitas          Tloc           5%         N/A       19%         3
 Lesser Beckoning         Tloc           5%         N/A       19%         3
 Teleport Other           Tloc           5%         N/A       19%         3
 Corpse Rot               Necr/Pois/Air  13%        N/A       24%         4
 Dispersal                Tloc           2%         N/A       100%        6

Inventory:

Hand Weapons
 a - a +1 short sword (weapon)
 b - a +4 hand crossbow
   (You took it off a kobold on level 4 of the Dungeon)
 Q - the +1 flail "Vygru" {pain, *Slow rPois Will+}
   (You found it on level 6 of the Dungeon)

   In the hands of one skilled in necromantic magic, it inflicts extra damage on
   living creatures.
   rPois:     It protects you from poison.
   *Slow:     It may slow you when you take damage.
   Will:      It increases your willpower.
Missiles
 c - 95 stones
 H - 7 poisoned darts
 I - 4 boomerangs
 J - a throwing net {=f!f}
 K - a javelin
Armour
 f - a +1 helmet (worn)
   (You found it on level 6 of the Dungeon)
 l - a +0 robe
   (You took it off an orc wizard on level 6 of the Dungeon)
 q - a +0 ring mail
   (You took it off an orc on level 6 of the Dungeon)
 w - a +0 leather armour
   (You took it off an orc on level 6 of the Dungeon)
 x - a +0 leather armour
   (You took it off Duvessa on level 6 of the Dungeon)
 y - a +2 pair of gloves (worn)
   (You found it on level 4 of the Dungeon)
 z - a +0 robe
   (You took it off Dowan on level 6 of the Dungeon)
 C - a +3 leather armour (worn)
   (You took it off an orc on level 5 of the Dungeon)
 M - a +0 robe
   (You took it off an orc on level 6 of the Dungeon)
 U - a +0 robe
   (You took it off an orc wizard on level 6 of the Dungeon)
 W - a +0 cloak (worn)
   (You found it on level 6 of the Dungeon)
Magical Staves
 n - a staff of poison {!a}
   (You found it on level 3 of the Dungeon)
Jewellery
 D - a +6 ring of dexterity (right hand)
   (You found it on level 4 of the Dungeon)
 R - a ring of resist corrosion
   (You found it on level 2 of the Dungeon)
 T - an amulet of faith (around neck) {!P}
   (You found it on level 6 of the Dungeon)
 Z - a ring of wizardry (left hand)
   (You found it on level 7 of the Dungeon)
Wands
 o - a wand of flame (18)
   (You found it on level 6 of the Dungeon)
 r - a wand of polymorph (12)
   (You found it on level 3 of the Dungeon)
 s - a wand of digging (2)
   (You found it on level 3 of the Dungeon)
 t - a wand of acid (3)
   (You found it on level 3 of the Dungeon)
 A - a wand of iceblast (5)
   (You found it on level 4 of the Dungeon)
 E - a wand of mindburst (17)
   (You found it on level 4 of the Dungeon)
Scrolls
 e - 5 scrolls of enchant weapon
 g - a scroll of immolation {!r!r}
 k - 2 scrolls of vulnerability {!r!r}
 m - a scroll of torment {!r}
 v - 2 scrolls of teleportation {@r4}
 B - a scroll of fog
 G - a scroll of fear
 L - a scroll of summoning
 O - a scroll of identify {@r1}
 P - 2 scrolls of poison {!r}
Potions
 d - 2 potions of invisibility
 h - a potion of cancellation {unknown}
 i - a potion of haste {unknown}
 j - 3 potions of flight
 u - a potion of might
 F - a potion of mutation {unknown}
 N - a potion of brilliance {unknown}
 S - 2 potions of berserk rage {unknown}
 V - a potion of lignification {!q}

Dungeon Overview and Level Annotations

Branches:
Dungeon (7/15)
 Temple: D:4-7

Altars:
Gozag
Okawaru
Qazlal
Wu Jian

Shops:
D:1 ? D:5

( .##.# #..##.####.########.##
###'#########.##.#..............#
...............#.####...........#
##...........#.#.# #.########..#
##...............# #.# #..#
##............#..# #.# #..#
##..........).#.)# #.# #..#
#.............##{# #.# #..#
#....≈......).##@# #.# #..#
..............#### #.# #..#
..............# #.# #..#
..............## #.# #..#
...............## #.#########.#
................### #............
..................# #############
....####..........# ...##
##.........#


There were no monsters in sight!


Message History

The puff of flame hits you!
* * * LOW HITPOINT WARNING * * *
Something hits you but does no damage. The orc wizard misses you.
Something hits you but does no damage. The orc hits you with a +0 club.
* * * LOW HITPOINT WARNING * * *
Your Spellcasting skill increases to level 6! 😱 HP[-12]
You take 12 damage, and now have 7/48 hp.
MASSIVE DAMAGE!! (PAUSE)
The orc misses you. The orc wizard barely misses you. Something hits you.
* * * LOW HITPOINT WARNING * * *
You climb upwards.
Reactivating autopickup.
There is a stone staircase leading down, spattered with blood here. 😱 HP[-1]
You take 1 damage, and now have 6/48 hp.
Okay, then.
You feel better.
The orc wizard hits you but does no damage. 😨 HP[+9]
You regained 9 hp, and now have 15/48 hp.
Casting: Poisonous Vapours (safe; 2% risk of failure)
Confirm with . or Enter, or press ? or * to list all spells.
Aiming: Poisonous Vapours (safe; 2% risk of failure)
Press: ? - help, Dir - move target, f - orc wizard
Aim: an orc wizard, wielding a +0 dagger and wearing a +0 robe (heavily wounded) Poisonous vapours surround the orc wizard!
The orc wizard is poisoned.
The orc wizard barely misses you. 😨 MP[-1]
You lost 1 mp, and now have 12/19 mp.
Shoot: b) +4 hand crossbow
Press: ? - help, Q - select action, (/) - cycle Shift-Dir - straight line, f/p - orc wizard
Aim: an orc wizard, wielding a +0 dagger and wearing a +0 robe (severely wounded, poisoned, 63% to hit)
You shoot a bolt. The bolt hits the orc wizard!
You kill the orc wizard!
Lugonu accepts your kill.
Shoot: b) +4 hand crossbow
Press: ? - help, Q - select action, (/) - cycle Shift-Dir - straight line, f - orc
Aim: an orc, wielding a +0 club and wearing a +0 scale mail (72% to hit)
You shoot a bolt.
The bolt hits the orc but does no damage.
The orc barely misses you.
Shoot: b) +4 hand crossbow
Press: ? - help, Q - select action, (/) - cycle Shift-Dir - straight line, f/p - orc
Aim: an orc, wielding a +0 club and wearing a +0 scale mail (72% to hit)
You shoot a bolt. The bolt hits the orc.
Something hits you.
* * * LOW HITPOINT WARNING * * *
Deactivating autopickup; reactivate with Ctrl-A. 😱 HP[-3]
You take 3 damage, and now have 12/48 hp.
Shoot: b) +4 hand crossbow
Press: ? - help, Q - select action, (/) - cycle Shift-Dir - straight line, f/p - orc
Aim: an orc, wielding a +0 club and wearing a +0 scale mail (severely wounded, 72% to hit)
You shoot a bolt. The bolt closely misses the orc.
Something hits you.
* * * LOW HITPOINT WARNING * * *
Something hits you but does no damage. 😱 HP[-2] MP[+1]
You take 2 damage, and now have 10/48 hp.
Shoot: b) +4 hand crossbow
Press: ? - help, Q - select action, (/) - cycle Shift-Dir - straight line, f/p - orc
Aim: an orc, wielding a +0 club and wearing a +0 scale mail (severely wounded, 72% to hit)
You shoot a bolt. The bolt hits the orc.
You kill the orc!
Lugonu accepts your kill. Something hits you but does no damage.
You start resting.
Something hits you.
* * * LOW HITPOINT WARNING * * *
😱 HP[-1]
You take 1 damage, and now have 9/48 hp.
a - a +1 short sword (weapon)
Something completely misses you.
You closely miss something. Something hits you.
* * * LOW HITPOINT WARNING * * *
😱 HP[-4]
You take 4 damage, and now have 5/48 hp.
You feel better. Something hits you.
* * * LOW HITPOINT WARNING * * *
😱 HP[+3]
You regained 3 hp, and now have 8/48 hp.
You hit something.
Something hits you but does no damage. 😱 MP[+1]
You hit something. Something hits you but does no damage.
You hit something. Something hits you!
* * * LOW HITPOINT WARNING * * *
😱 HP[-7]
You take 7 damage, and now have 1/48 hp.
Unknown command.
Aiming: Corrosive Bolt
Press: ? - help, Shift-Dir - straight line Something hits you but does no damage.
Aiming: Corrosive Bolt
Press: ? - help, Shift-Dir - straight line Something barely misses you. 😱 HP[+1]
Aiming: Corrosive Bolt
Press: ? - help, Shift-Dir - straight line Something hits you.
You die...

Skill      XL: |  1  2  3  4  5  6  7  8 |
---------------+-------------------------+-----
Spellcasting   | 1 2 3 5 6 |  6.0
Dodging        | 3 4 5 6 |  6.2
Invocations    | 3 4 5 |  5.6
Fighting       | 3 4 |  4.7
Short Blades   | 3 |  3.0
Poison Magic   | 1 2 3 4 |  4.5
Air Magic      | 2 |  2.4
Armour         | |  0.7

Action                   |  1- 3 |  4- 6 |  7- 9 || total
-------------------------+-------+-------+-------++-------
Melee: Short sword       |   162 |    84 |    22 ||   268
       Punch             |     3 |     2 |       ||     5
       Flail             |       |       |     7 ||     7
       Hand crossbow     |       |       |     1 ||     1
 Fire: Hand crossbow     |       |    82 |   161 ||   243
 Cast: Poisonous Vapours |       |       |    13 ||    13
       Mephitic Cloud    |       |       |     1 ||     1
Invok: Bend Space        |       |     6 |     5 ||    11
       Banish            |       |     1 |       ||     1
Evoke: Wand              |       |     4 |     6 ||    10
  Use: Scroll            |     4 |     8 |     1 ||    13
       Potion            |       |     3 |     4 ||     7
 Stab: Sleeping          |     2 |       |       ||     2
Armor: Leather armour    |    53 |       |    75 ||   128
       Ring mail         |     4 |    54 |    20 ||    78
       Skin              |       |    16 |       ||    16
Dodge: Dodged            |   136 |    78 |   122 ||   336

Levels and vault maps discovered:
D:1:      dpeg_arrival_tiny_a, layout_loops_ring, serial_shops, shop
D:2:      layout_loops_corners, basic_altar
D:3:      minmay_spotlight, layout_loops_ring, nicolae_overflow_hidden_temple,
          shapermc_ecumenical_altar_notcrosses, hangedman_decor_clover_reticule,
          hangedman_decor_slide_cut, uniq_sigmund
D:4:      layout_cave_pools, serial_rivers, chequers_serial_rivers_micro_a,
          chequers_serial_rivers_micro_b, chequers_serial_rivers_small_3,
          chequers_serial_rivers_room_a, chequers_serial_rivers_micro_a,
          serial_bayou_pond_d
D:5:      layout_basic, nicolae_shop_firing_range
D:6:      layout_basic, kennysheep_decorative_pillar, uniq_duvessa
D:7:      layout_layer_cave, minmay_temple_entry_mini_moons

Notes
Turn   | Place    | Note
-------+----------+-------------------------------------------
     0 | Abyss:1  | spiderkeys the Deep Elf Abyssal Knight began the quest for
                  | the Orb.
     0 | Abyss:1  | Reached XP level 1. HP: 13/13 MP: 4/4
     0 | Abyss:1  | magus.rc [v1.11.3]
    51 | D:1      | You pass through the gate.
    51 | D:1      | Escaped the Abyss
   402 | D:1      | Reached XP level 2. HP: 8/18 MP: 5/5
   601 | D:1      | Reached skill level 1 in Spellcasting
   882 | D:1      | Found Vomaf's Magic Scroll Shop.
   894 | D:1      | Bought a scroll of identify for 22 gold pieces
  1080 | D:1      | Reached *** piety under Lugonu
  1160 | D:1      | Reached XP level 3. HP: 10/22 MP: 7/7
  1896 | D:2      | Found an opulent altar of Gozag.
  1984 | D:2      | Reached skill level 3 in Dodging
  2208 | D:2      | You pick up a book of Displacement and begin reading...
  2208 | D:2      | You add the spells Lesser Beckoning, Gell's Gravitas and
                  | Teleport Other to your library.
  3361 | D:3      | Found a faded altar of an unknown god.
  3413 | D:3      | Reached skill level 2 in Spellcasting
  3413 | D:3      | Reached XP level 4. HP: 27/27 MP: 7/9
  3712 | D:3      | Noticed Sigmund
  3714 | D:3      | Noticed Sigmund
  3714 | D:3      | Sigmund changed into Sigmund the hound
  3731 | D:3      | HP: 5/40 [Sigmund the hound (1)]
  3743 | D:3      | Killed Sigmund the hound
  3744 | D:3      | Reached skill level 3 in Invocations
  4094 | D:3      | You pick up a book of Minor Magic and begin reading...
  4094 | D:3      | You add the spells Magic Dart, Call Imp and Mephitic Cloud
                  | to your library.
  4172 | D:3      | Reached skill level 3 in Fighting
  4255 | D:3      | Found a stormy altar of Qazlal.
  4336 | D:3      | Found an ornate altar of the Wu Jian Council.
  4337 | D:3      | Found an iron altar of Okawaru.
  4411 | D:4      | Learned a level 3 spell: Mephitic Cloud
  4417 | D:4      | Noticed an ogre
  4429 | D:4      | Banished an ogre
  4430 | D:4      | Reached skill level 3 in Short Blades
  4430 | D:4      | Reached XP level 5. HP: 19/32 MP: 5/11
  4919 | D:4      | Reached skill level 1 in Poison Magic
  4923 | D:4      | Noticed a black bear
  4934 | D:4      | Killed a black bear
  4935 | D:4      | Reached skill level 4 in Dodging
  4935 | D:4      | Reached skill level 3 in Spellcasting
  4935 | D:4      | Reached XP level 6. HP: 31/37 MP: 9/12
  5471 | D:5      | Entered Level 5 of the Dungeon
  5674 | D:5      | Reached **** piety under Lugonu
  5948 | D:5      | Found Juehemaw's Firing Range.
  5966 | D:5      | Reached skill level 2 in Poison Magic
  5983 | D:5      | Reached skill level 4 in Invocations
  5983 | D:5      | Reached XP level 7. HP: 38/42 MP: 14/14
  6068 | D:5      | Reached skill level 4 in Spellcasting
  6608 | D:5      | Reached skill level 4 in Fighting
  6608 | D:5      | Reached skill level 5 in Dodging
  6608 | D:5      | Reached skill level 3 in Poison Magic
  7198 | D:6      | Identified the +1 flail "Vygru" {pain, *Slow rPois Will+}
  7328 | D:6      | You pick up a book of Vapours and begin reading...
  7328 | D:6      | You add the spells Poisonous Vapours and Corpse Rot to your
                  | library.
  7332 | D:6      | Learned a level 2 spell: Poisonous Vapours
  7480 | D:6      | Reached skill level 5 in Spellcasting
  7480 | D:6      | Reached XP level 8. HP: 35/48 MP: 17/17
  7589 | D:6      | Reached skill level 1 in Air Magic
  7742 | D:6      | Reached skill level 5 in Invocations
  8068 | D:6      | HP: 7/48 [something (6)]
  8071 | D:6      | Reached skill level 4 in Poison Magic
  8399 | D:6      | Noticed Duvessa
  8399 | D:6      | Noticed Dowan
  8415 | D:6      | Killed Duvessa
  8416 | D:6      | Reached skill level 2 in Air Magic
  8429 | D:6      | Reached skill level 6 in Dodging
  8439 | D:6      | Killed Dowan
  8972 | D:7      | HP: 9/48 [orc wizard/puff of flame (10)]
  8973 | D:7      | Reached skill level 6 in Spellcasting
  8979 | D:6      | HP: 12/48 [something (4)]
  8984 | D:6      | HP: 5/48 [something (5)]
  8988 | D:6      | HP: 1/48 [something (7)]
  8991 | D:6      | Slain by an orc wizard

Vanquished Creatures
  Duvessa (D:6)
  A water moccasin (D:5)
  3 black bears
  A sky beast (D:6)
  2 phantoms (D:5)
  A centaur (D:6)
  A kobold brigand (D:6)
  A bullfrog (D:7)
  A scorpion (D:5)
  Dowan (D:6)
  5 hounds
  3 orc priests
  3 jellies
  3 orc wizards (D:6)
  4 adders
  2 white imps
  2 ufetubi (D:6)
  3 worms
  6 dart slugs
  22 orcs
  9 ball pythons
  10 bats
  11 endoplasms
  3 giant cockroaches
  8 goblins
  7 hobgoblins
  5 jackals
  11 kobolds
  2 quokkas
  3 training dummies (D:5)
  2 frilled lizards (D:1)
  5 rats
142 creatures vanquished.

Vanquished Creatures (others)
  2 plants (D:4)
2 creatures vanquished.

Grand Total: 144 creatures vanquished

Table legend:
 A = Non-vault XP
 B = Vault XP
 C = Vault XP percentage of total XP
 D = Non-vault monster count
 E = Vault monster count
 F = Vault count percentage of total count
                 A         B        C        D         E       F
            +---------+---------+-------+---------+---------+-------
      Total |    2191 |     287 |  11.6 |     128 |      15 |  10.5
            +---------+---------+-------+---------+---------+-------
        D:1 |      41 |       0 |   0.0 |      22 |       0 |   0.0
        D:2 |      37 |       0 |   0.0 |      16 |       0 |   0.0
        D:3 |      37 |      69 |  65.1 |      13 |      10 |  43.5
        D:4 |     293 |       0 |   0.0 |      23 |       0 |   0.0
        D:5 |     713 |       6 |   0.8 |      23 |       3 |  11.5
        D:6 |     923 |     212 |  18.7 |      26 |       2 |   7.1
        D:7 |     147 |       0 |   0.0 |       5 |       0 |   0.0
            +---------+---------+-------+---------+---------+-------

Illustrated notes

Table legend:
 A = Kills in this place as a percentage of kills in entire the game.
 B = Kills by you in this place as a percentage of kills by you in the entire game.
 C = Kills by friends in this place as a percentage of kills by friends in the entire game.
 D = Other kills in this place as a percentage of other kills in the entire game.
 E = Experience gained in this place as a percentage of experience gained in the entire game.
 F = Experience gained in this place divided by the number of levels of this place that you have seen.
                   A       B       C       D       E      F
               +-------+-------+-------+-------+-------+----------------------
         Total | 100.0 | 100.0 |   N/A | 100.0 | 100.0 | 309.8
       Dungeon | 100.0 | 100.0 |   N/A | 100.0 | 100.0 | 354.0
               +-------+-------+-------+-------+-------+----------------------

Table legend: (Time is in decaauts)
 A = Elapsed time spent in this place.
 B = Non-inter-level travel time spent in this place.
 C = Inter-level travel time spent in this place.
 D = Time resting spent in this place.
 E = Time spent auto-exploring this place.
 F = Levels seen in this place.
 G = Mean time per level.
                   A        B        C        D        E       F      G
               +--------+--------+--------+--------+--------+-----+--------+
         Total |   9144 |   8832 |    312 |   1489 |   6022 |   8 | 1143.0 |
       Dungeon |   9093 |   8781 |    312 |   1489 |   5976 |   7 | 1299.0 |
         Abyss |     51 |     51 |      0 |      0 |     46 |   1 |   51.0 |
               +--------+--------+--------+--------+--------+-----+--------+

Top non-repeatable levels by time:
     D:3: 1919 daAuts
     D:6: 1807 daAuts
     D:5: 1502 daAuts
     D:2: 1322 daAuts
     D:1: 1292 daAuts
     D:4: 1112 daAuts
     D:7: 135 daAuts
 Abyss:1: 51 daAuts
